 Dungeon Crawl Stone Soup version 0.28.0 (webtiles) character file.

Game seed: 1919520793726224194

2420 willcat the Skirmisher (level 9, -3/66 HPs)
             Began as a Djinni Cinder Acolyte on Feb 4, 2022.
             Was a High Priest of Ignis.
             Slain by an orc warrior (18 damage)
             ... on level 7 of the Dungeon.
             The game lasted 00:10:46 (10942 turns).

willcat the Skirmisher (Djinni Cinder Acolyte)     Turns: 10942, Time: 00:10:46

Health: -3/66      AC:  4    Str: 13    XL:     9   Next: 76%
Gold:   297        EV: 13    Int: 19    God:    Ignis [*****.] SH:  0 Dex: 10

rFire   + + .      SeeInvis .   g - +4 falchion (freeze)
rCold   . . .      Faith    .   (no shield)
rNeg    . . .      Spirit   .   j - +0 leather armour
rPois   ∞          Reflect  .   m - +0 helmet
rElec   .          Harm     .   (no cloak)
rCorr   .          Rampage  .   (no gloves)
Will    .....                   (boots unavailable)
Stlth   +.........              (no amulet)
HPRegen 0.21/turn               d - ring of wizardry
MPRegen 0.00/turn               b - ring of ice

@: flying
A: sickness immunity, fire resistance 2, cold vulnerability 1, float, innate
caster, HP casting, extra vitality 1
a: Renounce Religion, Fiery Armour, Foxfire Swarm, Rising Flame


You were on level 7 of the Dungeon.
You worshipped Ignis.
Ignis was extremely pleased with you.
You visited 1 branch of the dungeon, and saw 7 of its levels.

You collected 330 gold pieces.
You spent 33 gold pieces at shops.

Inventory:

Hand Weapons
 a - a -1 falchion of flaming
 g - a +4 falchion of freezing (weapon)
Armour
 j - a +0 leather armour (worn)
 m - a +0 helmet (worn)
Jewellery
 b - a ring of ice (right hand)
 d - a ring of wizardry (left hand)
Wands
 p - a wand of flame (19)
Scrolls
 f - a scroll of vulnerability {unknown}
 l - a scroll of noise {unknown}
 n - a scroll of magic mapping {unknown}
 o - 2 scrolls of fog
 q - 3 scrolls of teleportation
 s - a scroll of fear {unknown}
 u - a scroll of brand weapon {unknown}
 x - 3 scrolls of torment
 y - 2 scrolls of amnesia {unknown}
 z - a scroll of enchant armour {unknown}
Potions
 c - a potion of magic {unknown}
 e - 2 potions of curing {unknown}
 h - a potion of mutation {unknown}
 i - a potion of flight {unknown}
 k - 2 potions of cancellation {unknown}
 r - a potion of lignification {unknown}
 t - a potion of brilliance {unknown}
 v - a potion of resistance {unknown}
 w - 2 potions of berserk rage {unknown}


   Skills:
 + Level 6.2 Fighting
 + Level 5.7 Long Blades
 + Level 5.4 Armour
 + Level 5.9 Dodging
 + Level 4.8 Spellcasting


You had 6 spell levels left.
You knew the following spells:

 Your Spells              Type           Power      Damage    Failure   Level
a - Scorch                Fire           46%        2d7       1%          2
b - Sandblast             Erth           46%        2d11      1%          1
c - Poisonous Vapours     Pois/Air       46%        N/A       1%          2
d - Tukima's Dance        Hex            23%        N/A       2%          3
e - Ozocubu's Armour      Ice            34%        N/A       2%          3
Your spell library was empty.

Dungeon Overview and Level Annotations

Branches:
Dungeon (7/15)             Temple (0/1) D:5

Altars:

Shops:
D:3 [(:(?   D:5 (   D:6 :

Annotations:
D:6 2 transporters, YungCoward's ghost, novice HOFi


Innate Abilities, Weirdness & Mutations

You are immune to sickness and miasma.
You are immune to poison.
Your flesh is very heat resistant. (rF++)
You are vulnerable to cold. (rC-)
You float through the air rather than walking.
You learn spells naturally, not from books.
Your magical power is your life essence.
You have superior vitality. (+4 MHP)


Message History

There is an entrance to an ossuary on this level.
Hurry and find it before the portal is buried!
Your icy armour cracks and falls away as you move.
There is a stone staircase leading up here.
Casting: Ozocubu's Armour (dangerous; 2% risk of failure)
Confirm with . or Enter, or press ? or * to list all spells.
Aiming: Poisonous Vapours (safe; 1% risk of failure)
Press: ? - help, Dir - move target, f - orc warrior
Aim: an orc warrior, wielding a +0 trident and wearing a +0 chain mail Poisonous vapours surround the orc warrior!
The orc warrior is poisoned.
Unknown command.
Casting: Poisonous Vapours (safe; 1% risk of failure)
Confirm with . or Enter, or press ? or * to list all spells.
Flames lash the orc warrior.
The orc warrior is moderately wounded.
The orc warrior's fire resistance burns away.
Unknown command.
Casting: Scorch (safe; 1% risk of failure)
Confirm with . or Enter, or press ? or * to list all spells.
Aiming: Poisonous Vapours (safe; 1% risk of failure)
Press: ? - help, Dir - move target, f/p - orc warrior
Aim: an orc warrior, wielding a +0 trident and wearing a +0 chain mail (moderately wounded, poisoned, more vulnerable to fire) Poisonous vapours surround the orc warrior!
The orc warrior looks even sicker.
The orc warrior hits you from afar with a +0 trident!
Casting: Poisonous Vapours (safe; 1% risk of failure)
Confirm with . or Enter, or press ? or * to list all spells.
Flames lash the orc warrior.
The orc warrior is burned terribly!
The orc warrior is severely wounded.
The orc warrior hits you from afar with a +0 trident!
Unknown command.
Casting: Scorch (safe; 1% risk of failure)
Confirm with . or Enter, or press ? or * to list all spells.
Flames lash the orc warrior.
The orc warrior is burned terribly!
The orc warrior is severely wounded.
The orc warrior hits you from afar with a +0 trident!
* * * LOW HITPOINT WARNING * * *
Unknown command.
The orc warrior hits you from afar with a +0 trident!!
You die...

.###########
..........#
o........
....... .....
.o( #####.#
#....@#
###...# #....$
........
...........
............
.............
..............


You could see an orc warrior (very poisoned, combustible) and an orc priest.

Vanquished Creatures
  Grinder (D:3)
  2 steam dragons
  An ice beast (D:6)
  2 black bears (D:6)
  5 ogres
  A centaur (D:5)
  2 scorpions
  A howler monkey (D:5)
  8 wights (D:6)
  A bullfrog skeleton (D:6)
  2 hounds
  2 jellies
  2 orc priests (D:6)
  Ijyb (D:3)
  Natasha (thrice) (D:3)
  3 iguanas
  Robin (D:2)
  9 gnolls
  7 adders
  A howler monkey skeleton (D:4)
  A white imp (D:3)
  An ufetubus (D:2)
  2 adder skeletons (D:4)
  4 worms
  4 dart slugs
  14 orcs
  9 ball pythons
  8 bats
  3 endoplasms
  2 giant cockroaches
  14 goblins
  12 hobgoblins
  7 jackals
  8 kobolds
  3 quokkas
  5 frilled lizards
  10 rats
162 creatures vanquished.

Vanquished Creatures (others)
  2 orcs (D:4)
2 creatures vanquished.

Grand Total: 164 creatures vanquished

Notes
Turn   | Place    | Note
-------+----------+-------------------------------------------
     0 | D:1      | willcat the Djinni Cinder Acolyte began the quest for the
                  | Orb.
     0 | D:1      | Reached XP level 1. HP: 20/20 MP: 0/0
   264 | D:1      | Reached XP level 2. HP: 21/25 MP: 0/0
   362 | D:1      | Found a faded altar of an unknown god.
   912 | D:1      | Reached XP level 3. HP: 30/30 MP: 0/0
   912 | D:1      | Learned a level 1 spell: Sandblast
   920 | D:1      | Reached skill level 1 in Dodging
  1248 | D:1      | Reached skill level 1 in Armour
  1748 | D:2      | Noticed Robin
  1813 | D:2      | Reached XP level 4. HP: 23/35 MP: 0/0
  2361 | D:2      | Killed Robin
  3418 | D:3      | Reached XP level 5. HP: 37/40 MP: 0/0
  3418 | D:3      | Learned a level 2 spell: Poisonous Vapours
  3485 | D:3      | Found Uzxokavu's Antique Weapon Shop.
  3503 | D:3      | Found Ganuocat's Book Shoppe.
  3506 | D:3      | Noticed Ijyb
  3516 | D:3      | Killed Ijyb
  4110 | D:3      | Found Alonujoust's Magic Scroll Shoppe.
  4116 | D:3      | Bought a scroll of teleportation for 33 gold pieces
  4124 | D:3      | Noticed Grinder
  4124 | D:3      | Paralysed by Grinder for 2 turns
  4145 | D:3      | Killed Grinder
  4146 | D:3      | Reached skill level 4 in Fighting
  4146 | D:3      | Reached XP level 6. HP: 26/47 MP: 0/0
  4276 | D:3      | Reached XP level 7. HP: 29/52 MP: 0/0
  4276 | D:3      | Learned a level 3 spell: Tukima's Dance
  4454 | D:3      | Found Daonlag's Weapon Shop.
  4479 | D:3      | Noticed Natasha
  4484 | D:3      | Killed Natasha
  4579 | D:3      | Found Sulu's Armour Boutique.
  5170 | D:3      | Noticed Natasha
  5180 | D:3      | Killed Natasha
  5924 | D:3      | Noticed Natasha
  5927 | D:3      | Killed Natasha
  6792 | D:4      | Reached XP level 8. HP: 35/58 MP: 0/0
  7211 | D:4      | Reached skill level 5 in Fighting
  7772 | D:5      | Entered Level 5 of the Dungeon
  7942 | D:5      | Found Dotuc's Antique Weapon Shoppe.
  8138 | D:5      | Found a staircase to the Ecumenical Temple.
  8617 | D:5      | Reached skill level 5 in Long Blades
  8617 | D:5      | Reached XP level 9. HP: 52/65 MP: 0/0
  8617 | D:5      | Learned a level 3 spell: Ozocubu's Armour
  9083 | D:5      | Reached skill level 5 in Dodging
  9691 | D:6      | Found Xaty's Book Boutique.
  9801 | D:6      | Reached skill level 5 in Armour
  9813 | D:6      | Reached skill level 6 in Fighting
 10123 | D:6      | Noticed YungCoward's ghost (novice HOFi)
 10134 | D:6      | Found a transporter.
 10480 | D:6      | Found a transporter.
 10942 | D:7      | Slain by an orc warrior

Illustrated notes

Levels and vault maps discovered:
D:1:      minmay_arrival_five_plusses, layout_loops_ring,
          hellmonk_ecumenical_altar_crossroads
D:2:      layout_rooms, minivault_4, uniq_robin
D:3:      layout_basic, serial_shops, nicolae_shop_waterfront,
          nicolae_shop_stone, nicolae_square_shop, nicolae_lakefront_shop,
          nicolae_square_shop, uniq_natasha, uniq_ijyb, uniq_grinder
D:4:      layout_loops_ring, corexii_item_surrounded_by_moat,
          minmay_ogre_servants
D:5:      layout_basic, minmay_temple_entry_slanted, serial_shops, shop
D:6:      layout_loops_ring, gammafunk_ghost_stat_death, serial_shops,
          nicolae_shop_statue_plus
D:7:      layout_basic, mainiacjoe_overflow_boulevard,
          lightli_ossuary_entry_decrepit_ruins, uniq_prince_ribbit1, uniq_pikel,
          uniq_maggie

Skill      XL: |  1  2  3  4  5  6  7  8  9 |
---------------+----------------------------+-----
Dodging        | 1 2 3 4 5 |  5.9
Long Blades    | 3 4 5 |  5.7
Armour         | 1 2 3 4 5 |  5.4
Spellcasting   | 3 4 |  4.8
Fighting       | 4 5 6 |  6.2

Action                   |  1- 3 |  4- 6 |  7- 9 || total
-------------------------+-------+-------+-------++-------
Melee: Falchion          |   128 |    85 |   147 ||   360
       Punch             |     1 |       |     1 ||     2
 Cast: Scorch            |       |    22 |    76 ||    98
       Poisonous Vapours |       |     8 |    96 ||   104
       Ozocubu's Armour  |       |       |     1 ||     1
  Use: Scroll            |       |       |     3 ||     3
Armor: Robe              |    30 |       |       ||    30
       Leather armour    |    27 |    32 |    57 ||   116
Dodge: Dodged            |   111 |    64 |   166 ||   341
